 Dungeon Crawl Stone Soup version 0.28-a0-863-g8cecda6153 (webtiles) character file.

Game seed: 1785428066048028935

2486 ytrimaz the Cleaver (level 9, -5/67 (69) HPs)
             Began as a Formicid Fighter on Nov 19, 2021.
             Was an Initiate of Ru.
             Slain by a manticore (7 damage)
             ... on level 8 of the Dungeon.
             The game lasted 00:11:55 (9851 turns).

ytrimaz the Cleaver (Formicid Fighter)              Turns: 9851, Time: 00:11:56

HP:   -5/67 (69)    AC: 10    Str: 24    XL:     9   Next: 81%
MP:   9/9           EV: 11    Int:  8    God:    Ru [......]
Gold: 374           SH:  4    Dex: 10    Spells: 8/8 levels left

rFire   + . .      SeeInvis +   o - +0 dire flail
rCold   . . .      Faith    .   c - +0 buckler
rNeg    . . .      Spirit   .   g - +3 leather armour {rF+}
rPois   +          Reflect  .   (helmet unavailable)
rElec   .          Harm     .   d - +2 cloak {rPois}
rCorr   +          Rampage  .   (no gloves)
Will    +....                   (no boots)
Stlth   +.........              (no amulet)
HPRegen 0.21/turn               j - ring of willpower
MPRegen 0.11/turn               q - ring of resist corrosion

@: attractive, lightly drained
A: permanent stasis, dig shafts and tunnels, antennae 3, four strong arms
a: Dig, Shaft Self, Renounce Religion


You were on level 8 of the Dungeon.
You worshipped Ru.
Ru was noncommittal.
You visited 2 branches of the dungeon, and saw 9 of its levels.

You collected 374 gold pieces.

Inventory:

Hand Weapons
 a - a +1 war axe
 o - a +0 dire flail (weapon)
Missiles
 e - 3 javelins (quivered)
 k - 2 throwing nets
Armour
 b - a +1 scale mail
 c - a +0 buckler (worn)
 d - a +2 cloak of poison resistance (worn)
 g - a +3 leather armour of fire resistance (worn)
Jewellery
 j - a ring of willpower (left hand)
 q - a ring of resist corrosion (right hand)
Wands
 n - a wand of mindburst (3)
 w - a wand of acid (10)
Scrolls
 i - a scroll of enchant armour
 p - 2 scrolls of enchant weapon
 r - 3 scrolls of fog
 t - a scroll of summoning
Potions
 l - 2 potions of attraction
 m - 3 potions of flight {unknown}
 s - 2 potions of cancellation {unknown}
 u - a potion of mutation {unknown}


   Skills:
 + Level 6.1 Fighting
 * Level 8.1(9.1) Axes
 + Level 6.0(8.0) Maces & Flails
 - Level 0.2 Throwing
 + Level 5.5 Armour
 - Level 3.6 Shields
 * Level 4.3 Evocations


You had 8 spell levels left.
You didn't know any spells.
Your spell library contained the following spells:

 Spells                   Type           Power      Damage    Failure   Level
 Animate Skeleton         Necr           0%         N/A       43%         1
 Conjure Flame            Conj/Fire      0%         6-21      82%         3
 Frozen Ramparts          Ice            0%         1d2       82%         3
 Ignite Poison            Fire/Tmut/Pois 0%         N/A       82%         3
 Mephitic Cloud           Conj/Pois/Air  0%         N/A       82%         3
 Ice Form                 Ice/Tmut       0%         N/A       99%         4
 Petrify                  Tmut/Erth      0%         N/A       99%         4
 Sticky Flame             Conj/Fire      0%         2d3       99%         4
 Summon Ice Beast         Ice/Summ       0%         N/A       99%         4
 Freezing Cloud           Conj/Ice/Air   0%         6-21      100%        5
 Metabolic Englaciation   Hex/Ice        0%         N/A       100%        5
 Statue Form              Tmut/Erth      0%         N/A       100%        6
 Necromutation            Tmut/Necr      0%         N/A       100%        8
 Fire Storm               Conj/Fire      0%         5d1       100%        9


Dungeon Overview and Level Annotations

Branches:
Dungeon (8/15)             Temple (1/1) D:6
   Lair: D:8-11

Altars:
Ashenzari
Cheibriados
Dithmenos
Elyvilon
Fedhas
Gozag
Hepliaklqana
Kikubaaqudgha
Makhleb
Nemelex Xobeh
Okawaru
Qazlal
Ru
Sif Muna
Trog
Uskayaw
Vehumet
Wu Jian
Xom
Yredelemnul
Zin
The Shining One

Shops:
D:5 =


Innate Abilities, Weirdness & Mutations

You cannot be hasted, slowed, berserked, paralysed or teleported.
You can dig through walls and to a lower floor.
You have a pair of large antennae on your head. (SInv)
Your four strong arms can wield two-handed weapons with a shield.


Message History

You hit the kobold brigand but do no damage.
The kobold brigand is heavily wounded.
The kobold brigand hits you with a +0 short sword.
You barely miss the kobold brigand.
The kobold brigand is heavily wounded.
The kobold brigand hits you with a +0 short sword.
You closely miss the kobold brigand.
The kobold brigand is heavily wounded.
The kobold brigand closely misses you.
You puncture the kobold brigand!
The kobold brigand is almost dead.
You block the kobold brigand's attack.
You puncture the kobold brigand!
You kill the kobold brigand!
Your base Maces & Flails skill increases to level 6!
Items here: ( )) [ †.
The black bear growls angrily.
You hear a shout!
The manticore bites you but does no damage.
The manticore claws you. x2
Items here: ( )) [ †.
You puncture the manticore!
The manticore is moderately wounded.
You hit the manticore but do no damage.
The manticore is moderately wounded.
The manticore bites you! The manticore claws you!
You block the manticore's attack.
You thump the manticore!
The manticore is heavily wounded.
The manticore bites you!
* * * LOW HITPOINT WARNING * * *
The manticore barely misses you. The manticore claws you.
* * * LOW HITPOINT WARNING * * *
Unknown command.
Okay, then.
Okay, then.
It was a potion of attraction.
You feel attractive to monsters.
The manticore bites you but does no damage.
The manticore closely misses you. The manticore claws you!
You die...

#.........# #....{{## {{
##.........# #...#≈≈≈Z
......############.......>
......+ ........#.#
......# #######.#.#
......# #.#.#######
......# ###.#.##....#
......# #.h.#....##.##
......#
#.####@###.##.#...#
......#
#......H...##.#...###
#.####.##.....#...#.#
####.##.#######.#.#
#....##.# #.....#
#.#####.# #.#.#.#
#.....#.# #.#.#.#
####.##.# #.#.#.#
#.##.#####.#.#.#


You could see a manticore and a black bear.

Vanquished Creatures
  Grinder (D:5)
  Sigmund (D:4)
  A basilisk (D:8)
  3 water moccasins
  A hornet zombie (D:6)
  2 necrophages (D:5)
  A centaur (D:6)
  2 phantoms
  A kobold brigand (D:8)
  A scorpion (D:3)
  A water moccasin zombie (D:6)
  A wyvern zombie (D:8)
  2 wyvern skeletons
  A howler monkey (D:5)
  A jelly (D:8)
  2 hounds
  A centaur skeleton (D:6)
  3 orc priests
  Crazy Yiuf (D:2)
  A bullfrog skeleton (D:6)
  Jessica (D:3)
  Ijyb (D:3)
  Natasha (thrice) (D:2)
  2 iguanas
  5 orc wizards
  10 adders
  3 white imps (D:6)
  2 ufetubi
  5 dart slugs
  34 orcs
  3 endoplasms
  4 giant cockroaches
  6 goblins
  3 hobgoblins
  3 jackals (D:4)
  5 kobolds
  A quokka (D:4)
  4 ball pythons
  A bat (D:1)
  2 frilled lizards
  8 rats
134 creatures vanquished.

Vanquished Creatures (others)
  A fungus (D:1)
  A plant (D:1)
2 creatures vanquished.

Grand Total: 136 creatures vanquished

Notes
Turn   | Place    | Note
-------+----------+-------------------------------------------
     0 | D:1      | ytrimaz the Formicid Fighter began the quest for the Orb.
     0 | D:1      | Reached XP level 1. HP: 18/18 MP: 1/1
    98 | D:1      | Found a faded altar of an unknown god.
   156 | D:1      | Reached XP level 2. HP: 24/24 MP: 2/2
   506 | D:1      | Got Reed's Incunabulum of Igneous Dark Rituals
   629 | D:2      | Reached XP level 3. HP: 28/29 MP: 3/3
   679 | D:2      | Noticed Natasha
   687 | D:2      | Killed Natasha
   688 | D:2      | Reached XP level 4. HP: 18/36 MP: 4/4
   765 | D:2      | Noticed Natasha
   769 | D:2      | Killed Natasha
   770 | D:2      | Reached skill level 3 in Axes
   995 | D:2      | Found a runed translucent door.
   996 | D:2      | Noticed Crazy Yiuf
  1181 | D:2      | Noticed Natasha
  1189 | D:2      | Killed Natasha
  1190 | D:2      | Reached XP level 5. HP: 21/42 MP: 5/5
  2019 | D:2      | Killed Crazy Yiuf
  2020 | D:2      | Reached skill level 4 in Axes
  2293 | D:3      | Noticed Ijyb
  2316 | D:3      | Killed Ijyb
  2317 | D:3      | Reached XP level 6. HP: 48/48 MP: 6/6
  2433 | D:3      | Noticed Jessica
  2439 | D:3      | Killed Jessica
  2873 | D:3      | Reached skill level 5 in Axes
  2873 | D:3      | Reached skill level 5 in Armour
  3418 | D:4      | Reached XP level 7. HP: 46/54 MP: 7/7
  4038 | D:4      | Found a bloodstained altar of Trog.
  4283 | D:4      | Noticed Sigmund
  4289 | D:4      | Killed Sigmund
  4290 | D:4      | Reached skill level 6 in Axes
  4290 | D:4      | Reached skill level 1 in Evocations
  4528 | D:5      | Entered Level 5 of the Dungeon
  4536 | D:5      | Reached skill level 1 in Maces & Flails
  4536 | D:5      | Reached XP level 8. HP: 56/61 MP: 8/8
  4628 | D:5      | Noticed Grinder
  4648 | D:5      | Reached skill level 7 in Axes
  4677 | D:5      | HP: 3/61 [Grinder (5)]
  4689 | D:5      | Killed Grinder
  4921 | D:5      | Found Bausyr's Jewellery Shop.
  4969 | D:5      | Reached skill level 5 in Fighting
  5791 | D:6      | Reached XP level 9. HP: 20/68 MP: 9/9
  7062 | D:6      | Reached skill level 5 in Maces & Flails
  7483 | D:6      | Found a staircase to the Ecumenical Temple.
  7725 | Temple   | Entered the Ecumenical Temple
  8016 | Temple   | Became a worshipper of Ru the Awakened
  8506 | D:7      | Reached skill level 8 in Axes
  9616 | D:8      | Noticed a two-headed ogre
  9820 | D:8      | Noticed a manticore
  9850 | D:8      | HP: 1/67 [manticore (6)]
  9851 | D:8      | Slain by a manticore

Illustrated notes

Levels and vault maps discovered:
D:1:      pf_arrival_petrified_forest, layout_rooms,
          shapermc_ecumenical_altar_acropolis, minmay_misc_feat_ornament
D:2:      layout_basic, grunt_ministairs_5, uniq_crazy_yiuf_cottage,
          uniq_natasha
D:3:      layout_basic, uniq_ijyb, uniq_jessica
D:4:      layout_basic, lemuel_round_altar, nrook_uturn, lemuel_another_geyser,
          uniq_sigmund
D:5:      layout_cave_pods, serial_shops, nicolae_shop_hallway_stairs,
          minmay_splitting_lines, uniq_grinder
D:6:      layout_basic, lemuel_temple_firewalk_b
D:7:      nicolae_cairo_tiling_large, layout_rooms
D:8:      cheibrodos_ideogram_h, layout_basic
Temple:   roderic_octagonal_lattice_temple

Skill      XL: |  1  2  3  4  5  6  7  8  9 |
---------------+----------------------------+-----
Armour         | 4 5 |  5.5
Axes           | 3 4 5 6 7 8 |  8.1
Fighting       | 4 5 6 |  6.1
Evocations     | 1 3 4 |  4.3
Maces & Flails | 1 3 6 |  6.0
Throwing       | |  0.2
Shields        | |  3.6

Action                   |  1- 3 |  4- 6 |  7- 9 || total
-------------------------+-------+-------+-------++-------
Melee: War axe           |    46 |   118 |    25 ||   189
       Dire flail        |       |       |   299 ||   299
Throw: Javelin           |     1 |       |     3 ||     4
 Abil: Dig               |       |       |     2 ||     2
Evoke: Wand              |       |       |     1 ||     1
  Use: Scroll            |     3 |     5 |     4 ||    12
       Potion            |       |     1 |     5 ||     6
Armor: Scale mail        |    26 |    24 |       ||    50
       Leather armour    |       |    24 |   122 ||   146
Dodge: Dodged            |    25 |    66 |   187 ||   278
Block: Buckler           |     5 |    27 |    70 ||   102

Table legend: (Time is in decaauts)
 A = Elapsed time spent in this place.
 B = Non-inter-level travel time spent in this place.
 C = Inter-level travel time spent in this place.
 D = Time resting spent in this place.
 E = Time spent auto-exploring this place.
 F = Levels seen in this place.
 G = Mean time per level.
                   A        B        C        D        E       F      G
               +--------+--------+--------+--------+--------+-----+--------+
         Total |   9910 |   9588 |    322 |   1347 |   6962 |   9 | 1101.1 |
       Dungeon |   9602 |   9318 |    284 |   1347 |   6716 |   8 | 1200.2 |
        Temple |    307 |    269 |     38 |      0 |    246 |   1 |  307.0 |
               +--------+--------+--------+--------+--------+-----+--------+

Top non-repeatable levels by time:
     D:6: 2027 daAuts
     D:2: 1488 daAuts
     D:4: 1349 daAuts
     D:5: 1220 daAuts
     D:3: 1113 daAuts
     D:7: 1098 daAuts
     D:8: 668 daAuts
     D:1: 637 daAuts
  Temple: 307 daAuts
